 Dungeon Crawl Stone Soup version 0.27-a0-1105-g946c659c87 (webtiles) character file.

Game seed: 9426769282789820247

736 EnegeticOcto the Skirmisher (level 7, 0/63 HPs)
             Began as a Hill Orc Hunter on Apr 30, 2021.
             Was a Priest of Kikubaaqudgha.
             Slain by a lemure (5 damage)
             ... led by Pikel
             ... on level 4 of the Dungeon.
             The game lasted 00:06:16 (3651 turns).

EnegeticOcto the Skirmisher (Hill Orc Hunter)       Turns: 3651, Time: 00:06:16

Health: 0/63       AC:  9    Str: 17    XL:     7   Next: 74%
Magic:  7/7        EV:  7    Int: 11    God:    Kikubaaqudgha [***...]
Gold:   155        SH:  0    Dex: 11    Spells: 6/6 levels left

rFire    . . .     SeeInvis .   b - +2 dagger (elec)
rCold    + . .     Faith    .   (no shield)
rNeg     . . .     Spirit   .   x - +0 chain mail {rC+}
rPois    .         Reflect  .   (no helmet)
rElec    .         Harm     .   (no cloak)
rCorr    .         Rampage  .   (no gloves)
Will     .....                  (no boots)
Stlth    ..........             (no amulet)
HPRegen  0.20/turn              (no ring)
MPRegen  0.10/turn              (no ring)

@: no status effects
A: no striking features
a: Renounce Religion, Receive Corpses


You were on level 4 of the Dungeon.
You worshipped Kikubaaqudgha.
Kikubaaqudgha was most pleased with you.
You visited 1 branch of the dungeon, and saw 4 of its levels.

You collected 155 gold pieces.

Inventory:

Hand Weapons
 a - a +1 hand crossbow
 b - a +2 dagger of electrocution (weapon)
   (You found it on level 2 of the Dungeon)
 q - a +2 dagger of venom
   (You took it off a goblin on level 3 of the Dungeon)
Missiles
 d - 12 bolts
 j - 9 poisoned darts (quivered)
Armour
 c - a +0 leather armour
 k - a +0 chain mail
   (You found it on level 2 of the Dungeon)
 t - a +0 plate armour
   (You found it on level 3 of the Dungeon)
 x - a +0 chain mail of cold resistance (worn)
   (You took it off an orc on level 4 of the Dungeon)
Wands
 l - a wand of charming (6)
   (You found it on level 2 of the Dungeon)
Scrolls
 e - a scroll of noise {unknown}
 f - 3 scrolls of identify {unknown}
 g - a scroll of torment {unknown}
 m - 2 scrolls of silence {unknown}
 r - a scroll of enchant armour {unknown}
 u - a scroll of teleportation {unknown}
 w - a scroll of vulnerability {unknown}
Potions
 h - 4 potions of curing {unknown}
 i - a potion of haste {unknown}
 n - a potion of might {unknown}
 o - a potion of attraction {unknown}
 p - a potion of ambrosia {unknown}
 s - a potion of mutation {unknown}
 v - a potion of degeneration {unknown}


   Skills:
 - Level 6.0 Fighting
 + Level 6.0 Crossbows
 - Level 3.0 Armour
 - Level 1.5 Dodging
 - Level 0.7 Stealth
 - Level 3.0 Evocations


You had 6 spell levels left.
You didn't know any spells.
Your spell library contained the following spells:

 Spells                   Type           Power      Damage    Failure   Level
 Animate Skeleton         Necr           0%         N/A       99%         1
 Magic Dart               Conj           0%         1d3       99%         1
 Pain                     Necr           0%         1d4       99%         1
 Blink                    Tloc           N/A        N/A       100%        2
 Call Imp                 Summ           0%         N/A       100%        2
 Slow                     Hex            0%         N/A       100%        2
 Sublimation of Blood     Necr           0%         N/A       100%        2
 Conjure Flame            Conj/Fire      0%         6-21      100%        3
 Mephitic Cloud           Conj/Pois/Air  0%         N/A       100%        3
 Vampiric Draining        Necr           0%         2d6       100%        3
 Animate Dead             Necr           0%         N/A       100%        4
 Dispel Undead            Necr           0%         3d6       100%        4
 Agony                    Necr           0%         N/A       100%        5
 Borgnjor's Vile Clutch   Necr/Erth      0%         N/A       100%        5
 Death Channel            Necr           0%         N/A       100%        6


Dungeon Overview and Level Annotations

Branches:
Dungeon (4/15)
 Temple: D:4-7

Altars:
Gozag
Kikubaaqudgha
Vehumet

Annotations:
D:4 Pikel


Message History

d - 4 bolts (gained 1)
You see here a jackal corpse.
d - 8 bolts (gained 4)
Things that are here:
a jackal corpse; a jackal corpse
d - 9 bolts (gained 1)
d - 10 bolts (gained 1)
d - 12 bolts (gained 2)
The lemure shouts!
You hear a shout!
There are monsters nearby!
Throw: 13 darts (poison)
Press: ? - help, Q - select action, (/) - cycle Shift-Dir - straight line, f - Pikel
Aim: Pikel, wielding a +1 whip of freezing and wearing a +0 robe (wandering, hasn't noticed you, 50% to hit)
You throw a poisoned dart. The poisoned dart closely misses Pikel.
Throw: 12 darts (poison)
Press: ? - help, Q - select action, (/) - cycle Shift-Dir - straight line, f/p - Pikel
Aim: Pikel, wielding a +1 whip of freezing and wearing a +0 robe (51% to hit)
You throw a poisoned dart. The poisoned dart hits Pikel.
Pikel is poisoned.
The lemure shouts!
Pikel says, "I knew I should've brought a map."
Throw: 11 darts (poison)
Press: ? - help, Q - select action, (/) - cycle Shift-Dir - straight line, f/p - Pikel
Aim: Pikel, wielding a +1 whip of freezing and wearing a +0 robe (lightly wounded, poisoned, 51% to hit)
You throw a poisoned dart. The poisoned dart hits Pikel.
Pikel is lightly wounded.
Throw: 10 darts (poison)
Press: ? - help, Q - select action, (/) - cycle Shift-Dir - straight line, f/p - Pikel
Aim: Pikel, wielding a +1 whip of freezing and wearing a +0 robe (lightly wounded, poisoned, 50% to hit)
You throw a poisoned dart. The poisoned dart hits Pikel.
Pikel looks even sicker.
Pikel is lightly wounded.
You hear the crackle of electricity.
b - a +2 dagger of electrocution (weapon)
You closely miss Pikel.
Pikel is lightly wounded.
Pikel hits you but does no damage.
You hit Pikel. Lightning courses through Pikel!
Pikel is severely wounded.
The lemure hits you.
Pikel hits you with a +1 whip of freezing!
Pikel freezes you.
You barely miss Pikel.
Pikel is severely wounded.
The lemure barely misses you.
Pikel hits you with a +1 whip of freezing!
Pikel freezes you.
You closely miss Pikel.
Pikel is severely wounded.
The lemure hits you. Pikel closely misses you.
You hit Pikel.
Pikel is severely wounded.
The lemure hits you but does no damage. Pikel hits you but does no damage.
You closely miss Pikel.
Pikel is severely wounded.
The lemure hits you. Pikel hits you but does no damage.
You hit Pikel but do no damage.
Pikel is severely wounded.
The lemure hits you but does no damage.
Pikel hits you with a +1 whip of freezing!
You hit Pikel.
Pikel is almost dead.
The lemure barely misses you. Pikel closely misses you.
You miss Pikel.
Pikel is almost dead.
The lemure hits you but does no damage. Pikel hits you but does no damage.
You hit Pikel but do no damage.
Pikel is almost dead.
Pikel looks more healthy.
The lemure barely misses you. Pikel hits you but does no damage.
You hit Pikel but do no damage.
Pikel is almost dead.
The lemure hits you. Pikel hits you but does no damage.
The lemure barely misses you.
You closely miss Pikel.
Pikel is almost dead.
The lemure hits you.
Pikel hits you with a +1 whip of freezing!
* * * LOW HITPOINT WARNING * * *
Pikel freezes you.
* * * LOW HITPOINT WARNING * * *
The lemure hits you but does no damage.
You hit Pikel.
Pikel is almost dead.
The lemure hits you.
* * * LOW HITPOINT WARNING * * *
The lemure closely misses you. Pikel hits you but does no damage.
You closely miss Pikel.
Pikel is almost dead.
The lemure closely misses you. Pikel hits you but does no damage.
The lemure hits you but does no damage.
Your chain mail prevents you from hitting Pikel.
Pikel is almost dead.
The lemure hits you but does no damage.
Pikel hits you with a +1 whip of freezing.
* * * LOW HITPOINT WARNING * * *
Pikel freezes you.
* * * LOW HITPOINT WARNING * * *
The lemure hits you.
You die...
Kikubaaqudgha rasps: "You have failed me!
Welcome... death!"

.##....#.§.##§§..........
##.##.....##.§..........
#.#..####....§§.........._
#.........§§§§§§§........
##.....##§§§§§≈§§........
##.......§≈≈§P.§....##..
###...§P§≈≈≈...#....#.. #
#..##§5§P§....##.#.... #.
#...§@#§§.##.##..#....
##.. #...§5K§.##.).#
..(...
#....##...§§§..)<)##
...... #..............(.##
#.....<##.....#(.
#................(.
........#..........#
.!...####...)......# .#.$.
..##.......#


You could see Pikel and 2 lemures.

Vanquished Creatures
  2 lemures
  A scorpion (D:4)
  2 water moccasin skeletons (D:4)
  A bullfrog zombie (D:4)
  2 centaur zombies
  A jelly (D:4)
  A bullfrog skeleton (D:4)
  A centaur skeleton (D:4)
  3 iguanas (D:4)
  3 orc wizards (D:4)
  2 scorpion zombies (D:4)
  2 hound zombies (D:4)
  4 gnolls
  2 adders
  An adder zombie (D:4)
  4 adder skeletons (D:4)
  8 orcs
  6 ball pythons
  2 bats (D:1)
  6 endoplasms
  2 giant cockroaches
  8 goblins
  4 hobgoblins
  10 jackals
  5 kobolds
  A quokka (D:1)
  3 rats
87 creatures vanquished.

Vanquished Creatures (others)
  5 withered plants (D:4)
5 creatures vanquished.

Grand Total: 92 creatures vanquished

Notes
Turn   | Place    | Note
-------+----------+-------------------------------------------
     0 | D:1      | EnegeticOcto the Hill Orc Hunter began the quest for the
                  | Orb.
     0 | D:1      | Reached XP level 1. HP: 18/18 MP: 1/1
   180 | D:1      | Reached skill level 4 in Crossbows
   180 | D:1      | Reached XP level 2. HP: 25/25 MP: 2/2
   188 | D:1      | Found a faded altar of an unknown god.
   204 | D:1      | Became a worshipper of Kikubaaqudgha
   204 | D:1      | Reached * piety under Kikubaaqudgha
   204 | D:1      | Identified Kikubaaqudgha's Collected Works on Dark Rites
                  | (Kikubaaqudgha gifted it to you on level 1 of the Dungeon)
   204 | D:1      | Received a gift from Kikubaaqudgha
   246 | D:1      | Reached skill level 3 in Fighting
   738 | D:2      | Reached XP level 3. HP: 31/31 MP: 3/3
  1672 | D:3      | Reached skill level 4 in Fighting
  1792 | D:3      | Reached ** piety under Kikubaaqudgha
  1793 | D:3      | Reached skill level 5 in Fighting
  1793 | D:3      | Reached XP level 4. HP: 41/42 MP: 4/4
  2050 | D:4      | Noticed Pikel
  2050 | D:4      | Noticed a lemure
  2050 | D:4      | Noticed a lemure
  2196 | D:4      | Reached XP level 5. HP: 47/50 MP: 5/5
  2314 | D:4      | Reached skill level 6 in Fighting
  2375 | D:4      | Reached skill level 2 in Armour
  2424 | D:4      | Reached skill level 3 in Armour
  2424 | D:4      | Reached skill level 1 in Evocations
  2424 | D:4      | Reached XP level 6. HP: 53/57 MP: 6/6
  2469 | D:4      | Reached skill level 2 in Evocations
  2708 | D:4      | Reached skill level 3 in Evocations
  2728 | D:4      | Reached XP level 7. HP: 62/63 MP: 7/7
  3064 | D:4      | Reached skill level 5 in Crossbows
  3452 | D:4      | Found an opulent altar of Gozag.
  3468 | D:4      | Reached skill level 6 in Crossbows
  3526 | D:4      | Found a radiant altar of Vehumet.
  3584 | D:4      | Reached *** piety under Kikubaaqudgha
  3584 | D:4      | Identified Kikubaaqudgha's Compendium of Evil Magic
                  | (Kikubaaqudgha gifted it to you on level 4 of the Dungeon)
  3584 | D:4      | Received a gift from Kikubaaqudgha
  3651 | D:4      | Slain by a lemure

Illustrated notes

Levels and vault maps discovered:
D:1:      enne_arrival_octagon_isle, layout_basic,
          hellmonk_ecumenical_altar_dog_temple, minmay_split_cup_small
D:2:      layout_loops_ring, minmay_misc_feat_pillars
D:3:      layout_basic, kennysheep_generic_room_13
D:4:      layout_cave_pools, general_overflow_altar, nicolae_gozag_seed_capital,
          serial_undead, serial_undead_e, serial_undead_f, serial_undead_a,
          serial_undead_c, serial_undead_d, serial_undead_d, solitary_fountain,
          uniq_pikel

Skill      XL: |  1  2  3  4  5  6  7 |
---------------+----------------------+-----
Crossbows      | 4 6 |  6.0
Fighting       | 3 5 6 |  6.0
Armour         | 3 |  3.0
Evocations     | 1 3 |  3.0
Dodging        | |  1.5
Stealth        | |  0.7

Action                   |  1- 3 |  4- 6 |  7- 9 || total
-------------------------+-------+-------+-------++-------
Melee: Dagger            |       |    23 |    92 ||   115
 Fire: Hand crossbow     |    79 |    97 |    47 ||   223
Throw: Dart              |       |       |     4 ||     4
Armor: Leather armour    |     3 |       |       ||     3
       Chain mail        |    10 |    53 |    77 ||   140
Dodge: Dodged            |    18 |    24 |    49 ||    91

Table legend: (Time is in decaauts)
 A = Elapsed time spent in this place.
 B = Non-inter-level travel time spent in this place.
 C = Inter-level travel time spent in this place.
 D = Time resting spent in this place.
 E = Time spent auto-exploring this place.
 F = Levels seen in this place.
 G = Mean time per level.
                   A        B        C        D        E       F      G
               +--------+--------+--------+--------+--------+-----+--------+
         Total |   3717 |   3396 |    321 |    205 |   2445 |   4 |  929.2 |
       Dungeon |   3717 |   3396 |    321 |    205 |   2445 |   4 |  929.2 |
               +--------+--------+--------+--------+--------+-----+--------+

Top non-repeatable levels by time:
     D:3: 1235 daAuts
     D:4: 1109 daAuts
     D:1: 738 daAuts
     D:2: 634 daAuts
